Map: [ESL] Altitude

Players

Bunny

  • Race: Terran Terran

Maru - Winner!

  • Race: Terran Terran

Event: IEM Katowice 2023

VOD

Have the link to the VOD?

Description

Time

  • Played on: Feb. 10, 2023, 10:28 a.m.
  • Length: 18:37

All games in this series

Show
View Real Time Build Order
Export as new Build Order

Bunny Terran 

Build Orders: Gas First Reaper Expand, Hellion Opening 

Get SALT Encoding   

  12  0:00  SCV  
  13  0:12  SCV  
  14  0:17  Supply Depot  
  14  0:24  SCV  
  14  0:28  Refinery  
  15  0:39  SCV  
  16  0:45  Barracks  
  16  0:51  SCV  
  17  1:03  SCV  
  18  1:16  SCV  
  19  1:31  Orbital Command  
  19  1:32  Reaper  
  20  1:43  Command Center  
  20  1:54  Factory  
  20  1:57  SCV  
  21  2:05  Supply Depot  
  21  2:07  Barracks Reactor  
  21  2:11  SCV  
  22  2:16  Refinery  
  22  2:23  SCV  
  23  2:36  SCV  
  24  2:42  Starport  
  24  2:47  Hellion x2  
  24  2:48  SCV  
  29  2:55  Orbital Command  
  29  3:00  SCV  
  30  3:08  Hellion  
  30  3:09  Hellion  
  30  3:10  Barracks Tech Lab  
  30  3:12  SCV  
  35  3:21  SCV  
  35  3:24  SCV  
  37  3:30  Hellion x2  
  37  3:33  Raven  
  43  3:37  Supply Depot  
  43  3:38  SCV x2  
  45  3:41  Barracks Tech Lab  
  45  3:46  Refinery  
  45  3:50  SCV  
  46  3:58  SCV  
  46  3:59  Supply Depot  
  47  4:05  Cyclone  
  47  4:07  Raven  
  47  4:08  Marine  
  47  4:09  Marine  
  54  4:14  Supply Depot  
  54  4:21  SCV x2, Supply Depot  
  56  4:24  Refinery  
  56  4:26  Marine  
  56  4:27  Marine  
  58  4:33  SCV x2  
  60  4:39  Supply Depot  
  60  4:42  Raven  
  60  4:44  Siege Tank  
  60  4:45  SCV x2  
  66  4:52  Marine  
  66  4:53  Marine  
  66  4:57  SCV x2  
  66  4:59  Supply Depot  
  70  5:09  SCV x2  
  72  5:16  Siege Tank  
  75  5:21  SCV x2  
  75  5:23  Viking x2  
  75  5:25  Marine, Supply Depot  
  82  5:34  SCV x2  
  84  5:40  Command Center  
  84  5:43  Marine  
  84  5:48  Siege Tank  
  88  5:53  Viking x2  
  92  5:57  Stimpack, Supply Depot  
  92  6:03  SCV x2  
  94  6:04  Marine  
  94  6:15  Barracks  
  94  6:16  Barracks  
  94  6:23  Viking x2, SCV x2  
  100  6:27  Supply Depot  
  100  6:30  Marine  
  101  6:33  Siege Tank  
  101  6:38  SCV x2  
  103  6:50  SCV x2  
  103  6:51  Marine  
  106  6:54  Viking x2  
  106  6:59  Engineering Bay x2  
  110  7:02  SCV x2  
  110  7:04  Supply Depot  
  112  7:09  Barracks Reactor x2  
  112  7:12  Siege Tank  
  112  7:14  Marine  
  116  7:22  Orbital Command  
  112  7:28  SCV x2  
  114  7:41  Marine  
  115  7:44  Siege Tank  
  115  7:46  Viking x2  
  122  7:57  Marine x4  
  126  7:59  Marine  
  124  8:08  Combat Shield  
  124  8:10  Terran Infantry Armor Level 1, Terran Infantry Weapons Level 1, Barracks  
  124  8:11  Barracks  
  122  8:15  Marine  
  122  8:16  Siege Tank  
  122  8:17  Marine  
  122  8:18  Marine x3  
  95  8:22  Medivac x2  
  90  8:28  SCV x3  
  90  8:30  Sensor Tower  
  90  8:32  Marine  
  90  8:33  Refinery  
  91  8:35  Marine  
  91  8:36  Marine x3  
  91  8:39  Missile Turret  
  91  8:40  SCV  
  91  8:41  SCV x2  
  98  8:49  Siege Tank, Missile Turret  
  98  8:50  Marine  
  98  8:53  Marine x4  
  98  8:54  Supply Depot  
  106  8:59  Medivac x2  
  106  9:01  Barracks Reactor x2  
  110  9:04  SCV  
  110  9:06  SCV  
  110  9:08  Marine, SCV  
  114  9:11  Marine x4  
  114  9:12  Refinery  
  118  9:17  Supply Depot, Armory  
  118  9:21  Siege Tank, Supply Depot  
  121  9:26  Marine  
  121  9:29  Marine  
  123  9:31  Marine x3  
  126  9:44  Marine x4  
  126  9:45  Marine, Supply Depot  
  130  9:47  Marine  
  130  9:49  Marine x2  
  130  9:50  Command Center  
  134  9:53  Siege Tank  
  134  9:56  Marine  
  134  9:59  Medivac  
  140  10:01  Medivac  
  140  10:02  Marine x4  
  140  10:03  Marine  
  147  10:12  Marine  
  147  10:13  Marine x2  
  150  10:14  Marine  
  150  10:19  Marine  
  150  10:20  Marine x2, Terran Infantry Weapons Level 2, Terran Infantry Armor Level 2  
  154  10:25  Siege Tank  
  157  10:29  Marine x2  
  157  10:30  Marine x2  
  157  10:31  Marine  
  157  10:32  Marine  
  160  10:37  Marine  
  160  10:40  Medivac  
  160  10:44  Medivac  
  162  10:56  Marine x6  
  162  10:57  Marine x3  
  159  10:59  Siege Tank  
  155  11:14  Marine x9, Terran Vehicle Weapons Level 1  
  155  11:15  Medivac  
  155  11:16  Medivac  
  168  11:31  Siege Tank  
  168  11:32  Marine  
  166  11:33  Marine x3  
  129  11:45  Orbital Command, Medivac  
  129  11:46  Medivac  
  131  11:48  Marine  
  131  11:49  Marine x5  
  131  11:50  Marine  
  131  11:51  Marine x2  
  135  12:01  Orbital Command  
  128  12:03  Siege Tank  
  128  12:06  Marine x5  
  128  12:07  Marine  
  134  12:08  Marine  
  134  12:09  Marine x2  
  128  12:21  SCV x2  
  130  12:23  Planetary Fortress  
  130  12:24  Marine x2  
  130  12:27  SCV  
  133  12:31  Marine  
  133  12:32  Marine x5  
  133  12:33  SCV x2  
  141  12:37  Siege Tank  
  141  12:39  SCV  
  145  12:45  SCV  
  146  12:53  Terran Infantry Weapons Level 3  
  146  12:58  Marine x8  
  154  13:06  SCV x3  
  154  13:09  SCV  
  158  13:15  Siege Tank  
  158  13:16  Marine  
  158  13:17  Marine  
  158  13:18  SCV  
  164  13:21  SCV  
  165  13:35  Marine  
  165  13:46  Marine x5  
  165  13:47  Marine x3, Siege Tank  
  180  13:49  Terran Infantry Armor Level 3  
  180  13:53  Marine  
  177  14:00  Sensor Tower  
  177  14:04  Marine x2  
  177  14:07  Factory  
  179  14:10  Marine x4  
  179  14:14  Liberator x2  
  188  14:23  Siege Tank  
  183  14:30  Terran Vehicle Weapons Level 2  
  179  14:34  Marine x9  
  187  14:51  Marine  
  183  14:53  Marine  
  183  14:54  Marine x3  
  183  14:55  Siege Tank  
  183  14:57  Sensor Tower  
  179  15:08  Viking x2  
  183  15:19  Marine x5  
  188  15:37  Refinery x2  
  188  15:38  Supply Depot x2  
  188  15:48  Command Center  
  188  15:54  Marine x6  
  188  15:55  Marine x2  
  188  15:56  Siege Tank  
  180  15:57  Marine  
  155  16:11  Marine x2  
  155  16:12  Marine x4  
  155  16:13  Marine x2  
  155  16:15  Marine  
  121  16:28  Siege Tank  
  121  16:29  Marine x5  
  121  16:30  Marine  
  121  16:31  Marine x2  
  131  16:33  Marine  
  131  16:36  Command Center  
  132  16:41  Factory Tech Lab  
  130  16:47  Marine x6  
  130  16:49  Marine  
  137  16:55  Marine x2  
  139  17:05  Marine x6  
  139  17:07  Marine  
  143  17:12  Marine  
  143  17:13  Siege Tank x2, Marine  
  151  17:23  Marine x4  
  155  17:37  Orbital Command  
  155  17:45  Siege Tank, Marine x2  
Show
View Real Time Build Order
Export as new Build Order

Maru Terran - Winner!

Build Orders:  

Get SALT Encoding   

  12  0:00  SCV  
  13  0:12  SCV  
  14  0:17  Supply Depot  
  14  0:25  SCV  
  15  0:39  SCV  
  15  0:40  Barracks  
  16  0:44  Refinery  
  16  0:51  SCV  
  16  0:55  Refinery  
  17  1:03  SCV  
  18  1:15  SCV  
  19  1:27  Orbital Command, Reaper  
  19  1:30  Supply Depot  
  20  1:43  Factory  
  20  1:53  SCV  
  21  1:59  Reaper  
  22  2:05  SCV  
  23  2:17  SCV  
  23  2:19  Command Center  
  24  2:28  Hellion  
  24  2:29  SCV  
  27  2:32  Barracks Reactor  
  27  2:37  Supply Depot  
  27  2:41  SCV  
  28  2:47  Starport  
  28  2:50  Factory Tech Lab  
  28  2:54  SCV  
  29  3:06  SCV  
  29  3:09  Marine x2  
  32  3:18  SCV  
  33  3:21  Factory Tech Lab  
  33  3:29  Raven  
  33  3:30  SCV  
  33  3:31  Orbital Command  
  33  3:32  Marine x2  
  38  3:40  Cyclone  
  41  3:43  SCV  
  42  3:53  Command Center  
  42  3:57  SCV x2  
  44  4:07  Raven  
  44  4:09  SCV  
  47  4:10  SCV  
  47  4:18  Refinery  
  47  4:21  SCV  
  47  4:22  SCV, Supply Depot  
  49  4:29  Marine  
  49  4:30  Marine  
  54  4:40  Refinery  
  54  4:44  SCV x2  
  56  4:47  Supply Depot  
  55  4:56  Siege Tank, Barracks, SCV x2  
  55  4:57  Barracks  
  57  5:00  Starport Reactor  
  57  5:05  Marine  
  57  5:06  Stimpack  
  57  5:07  Orbital Command  
  58  5:08  SCV x2  
  60  5:14  Engineering Bay x2  
  60  5:20  SCV x2  
  62  5:28  Siege Tank  
  65  5:32  SCV x2  
  65  5:33  SCV  
  68  5:41  Terran Infantry Armor Level 1, Terran Infantry Weapons Level 1  
  68  5:44  SCV  
  68  5:47  Barracks, Starport Reactor  
  68  5:48  Barracks  
  68  5:49  Marine x4  
  71  5:51  Marine  
  71  5:55  Supply Depot  
  74  6:02  Siege Tank  
  77  6:07  Marine x3  
  77  6:08  SCV x2  
  77  6:09  SCV, Supply Depot  
  83  6:13  Marine x2  
  85  6:20  SCV  
  85  6:23  Medivac x2  
  89  6:27  Marine x2  
  89  6:30  Marine  
  89  6:31  Armory  
  91  6:36  Orbital Command  
  91  6:37  SCV  
  91  6:39  SCV  
  93  6:43  Marine x2, Barracks Reactor x2  
  93  6:45  Marine, Combat Shield  
  96  6:48  Supply Depot  
  96  6:49  SCV  
  96  6:51  SCV  
  98  6:57  Siege Tank, Medivac  
  100  7:04  SCV  
  100  7:08  Supply Depot x2  
  101  7:10  SCV  
  101  7:11  Marine x2  
  101  7:12  Marine x2  
  101  7:14  Medivac  
  101  7:15  Orbital Command  
  106  7:20  Marine x2  
  106  7:21  Marine  
  106  7:26  Marine x2  
  106  7:29  Marine x4  
  110  7:38  Marine  
  110  7:43  Marine x2  
  113  7:44  Siege Tank, Marine  
  113  7:47  Marine  
  113  7:49  Orbital Command  
  112  7:57  Medivac  
  112  7:58  Medivac  
  114  8:01  Marine  
  105  8:16  Marine  
  105  8:17  Marine, SCV  
  105  8:18  SCV  
  105  8:19  Terran Infantry Weapons Level 2, Terran Infantry Armor Level 2  
  84  8:23  SCV  
  82  8:27  Medivac  
  82  8:29  Medivac, SCV  
  84  8:35  Marine  
  84  8:36  Siege Tank  
  84  8:37  SCV x2  
  90  8:42  Marine x7  
  90  8:46  SCV  
  98  8:49  SCV  
  98  8:51  SCV  
  98  8:53  Factory  
  98  8:54  Marine  
  101  8:59  Barracks Reactor  
  101  9:00  Marine x3  
  101  9:01  Terran Vehicle Weapons Level 1  
  101  9:02  SCV  
  105  9:07  Command Center  
  105  9:09  Marine  
  106  9:10  Marine x3  
  106  9:15  Medivac x2  
  106  9:16  SCV  
  106  9:17  SCV  
  115  9:19  Refinery  
  115  9:20  SCV, Refinery  
  116  9:29  Marine x7  
  116  9:30  Siege Tank  
  126  9:33  Supply Depot  
  126  9:38  Sensor Tower, SCV x2  
  126  9:39  SCV  
  129  9:49  Barracks x2  
  129  9:50  SCV  
  129  9:51  Barracks  
  130  9:54  Siege Tank  
  130  9:59  SCV x2  
  135  10:03  SCV, Supply Depot  
  135  10:04  Siege Tank  
  139  10:11  SCV x2  
  139  10:12  Missile Turret  
  141  10:16  Supply Depot  
  141  10:19  Marine x4  
  145  10:24  SCV x3  
  148  10:28  Siege Tank, Marine  
  148  10:33  Marine x2  
  154  10:39  Siege Tank  
  154  10:41  Marine x2  
  159  10:44  Marine  
  159  10:45  Marine  
  161  10:51  Marine  
  161  10:52  Marine x2  
  161  10:55  Viking x2  
  153  11:00  Siege Tank  
  153  11:02  Marine x3  
  153  11:03  Marine  
  155  11:09  Supply Depot x2  
  155  11:10  Terran Infantry Weapons Level 3  
  155  11:19  Terran Infantry Armor Level 3  
  155  11:31  Marine, Siege Tank  
  143  11:37  Marine x6  
  143  11:38  Siege Tank  
  127  11:40  Marine  
  127  11:43  Marine  
  127  11:44  Marine x2  
  129  11:49  Marine  
  121  11:55  Marine x2  
  121  11:57  Marine  
  121  11:58  Marine x3  
  110  12:01  Marine  
  110  12:02  Marine x2  
  110  12:03  Siege Tank  
  110  12:07  Marine  
  101  12:08  SCV  
  101  12:13  Siege Tank, Marine  
  101  12:14  Marine  
  101  12:15  Marine x3  
  98  12:16  Marine  
  98  12:17  Starport  
  98  12:19  Marine x2  
  98  12:20  Marine  
  105  12:25  Marine  
  106  12:30  Marine, SCV  
  108  12:38  Marine x6  
  108  12:39  Marine  
  108  12:41  Command Center  
  115  12:51  SCV x2  
  115  12:53  Marine  
  117  12:59  Command Center  
  117  13:00  Marine x2  
  117  13:02  Marine x3  
  122  13:06  Medivac  
  122  13:11  Marine  
  122  13:12  Marine x4  
  128  13:16  Siege Tank  
  128  13:17  Marine  
  128  13:19  Marine  
  133  13:22  SCV x3  
  133  13:24  Marine x2  
  133  13:26  Marine  
  139  13:29  Orbital Command  
  139  13:31  Sensor Tower  
  139  13:32  Marine x5  
  143  13:36  Medivac  
  143  13:37  Marine x2  
  145  13:42  Marine x2  
  145  13:44  Marine  
  148  13:50  Marine x4  
  148  13:54  Marine  
  148  13:55  Siege Tank  
  156  13:56  Orbital Command  
  156  13:58  Marine x2  
  156  14:00  Marine x2  
  156  14:02  Marine  
  161  14:07  Marine  
  161  14:08  Marine x2  
  161  14:09  Marine  
  165  14:23  Siege Tank  
  164  14:28  Marine x6  
  164  14:30  Siege Tank, Marine  
  157  14:33  Marine, Medivac  
  161  14:41  Marine x2  
  148  15:09  Supply Depot  
  148  15:10  Supply Depot x2  
  148  15:11  Supply Depot x2  
  148  15:13  Supply Depot  
  148  15:23  Command Center  
  148  15:31  Marine x7, Medivac  
  148  15:32  Marine x2  
  159  15:45  Terran Vehicle Weapons Level 2  
  159  15:48  Marine  
  159  15:49  Marine x8  
  143  16:06  Marine  
  143  16:07  Marine x8  
  143  16:08  Siege Tank  
  146  16:24  Marine  
  146  16:25  Marine x8  
  135  16:30  Factory Tech Lab  
  137  16:37  Starport Reactor  
  137  16:40  Siege Tank  
  137  16:42  Marine x6  
  146  16:47  Marine x3  
  146  16:51  Siege Tank  
  146  16:52  SCV x2  
  154  17:00  Marine x6  
  158  17:05  Marine x2  
  150  17:10  Marine  
  150  17:12  Siege Tank  
  150  17:13  Planetary Fortress  
  152  17:17  Marine  
  152  17:18  Marine x5  
  158  17:23  Siege Tank  
  158  17:27  Marine  
  158  17:28  Marine x2  
  163  17:35  Marine  
  162  17:38  Marine x2, Medivac x2  
  162  17:39  Marine x3  
  170  17:44  Siege Tank  
  170  17:45  Marine x3  
  176  17:53  Marine  
  176  17:56  Marine x2  
  176  17:58  Siege Tank  
  175  18:00  Marine  
  175  18:03  Marine x4  

Tags
 
Add a new tag
Caveats
  • Supply blocks, unpowered buildings, or Contaminate may cause inaccurate times.
  • Supply counts are checked every 10 seconds.